Map: Data-C

Players

Future - Winner!

  • Race: Terran Terran
  • Spawn Location: 3:00

DnS

  • Race: Protoss Protoss
  • Spawn Location: 9:00

Event: DreamHack SC2 Masters 2022 Atlanta (Offline)

VOD

Have the link to the VOD?

Description

Time

  • Played on: Nov. 18, 2022, 1:49 p.m.
  • Length: 15:33

All games in this series

Show
View Real Time Build Order
Export as new Build Order

Future Terran - Winner!

Build Orders:  

Get SALT Encoding   

  12  0:00  SCV  
  13  0:12  SCV  
  14  0:17  Supply Depot  
  14  0:24  SCV  
  15  0:38  SCV  
  15  0:40  Barracks  
  16  0:44  Refinery  
  16  0:50  SCV  
  17  1:02  SCV  
  18  1:06  Barracks  
  18  1:12  Supply Depot  
  18  1:15  SCV  
  19  1:27  Reaper  
  20  1:32  Orbital Command  
  20  1:53  Reaper  
  21  1:59  SCV  
  22  2:03  Reaper  
  23  2:11  SCV  
  23  2:14  Command Center  
  24  2:23  SCV  
  24  2:24  Refinery  
  24  2:25  Marine  
  26  2:33  Supply Depot  
  26  2:35  SCV  
  26  2:36  Marine  
  28  2:43  Marine  
  29  2:47  SCV  
  29  2:48  Factory  
  30  2:53  Marine  
  31  2:59  SCV  
  32  3:11  SCV  
  33  3:14  Barracks Reactor  
  33  3:16  Barracks Tech Lab  
  33  3:23  SCV  
  34  3:27  Orbital Command  
  34  3:34  Starport  
  34  3:35  SCV  
  34  3:36  Marine, Factory Reactor  
  36  3:48  SCV, Stimpack  
  37  3:51  Marine x2  
  37  3:53  SCV  
  37  3:54  Supply Depot, Marine  
  41  4:00  SCV  
  42  4:05  SCV  
  42  4:08  Marine  
  42  4:09  Marine  
  44  4:12  SCV, Marine  
  45  4:17  SCV  
  45  4:19  Medivac  
  47  4:24  SCV  
  47  4:26  Widow Mine x2, Marine  
  47  4:27  Marine  
  47  4:29  SCV  
  47  4:30  Marine  
  56  4:32  Supply Depot  
  56  4:37  SCV  
  55  4:43  SCV  
  55  4:44  Marine  
  55  4:45  Marine  
  55  4:48  Supply Depot  
  55  4:49  SCV  
  55  4:52  Barracks  
  56  4:54  Marine  
  56  4:55  SCV  
  58  5:00  Medivac x2  
  58  5:01  Factory Tech Lab  
  58  5:02  Marine  
  58  5:03  SCV, Marine  
  58  5:06  Engineering Bay  
  65  5:07  Refinery  
  65  5:10  SCV  
  65  5:12  Marine  
  67  5:15  SCV  
  68  5:22  SCV  
  68  5:23  Marine x2  
  68  5:27  Supply Depot, SCV  
  68  5:28  Supply Depot  
  72  5:30  Marine  
  72  5:34  SCV  
  72  5:35  Factory Reactor  
  74  5:38  Refinery  
  74  5:39  Supply Depot, SCV  
  74  5:41  Combat Shield  
  75  5:43  Marine x2  
  75  5:46  SCV  
  75  5:48  Marauder x2  
  82  5:51  SCV  
  82  5:56  Supply Depot  
  83  5:57  Supply Depot  
  83  5:59  Concussive Shells  
  83  6:01  Marine x2  
  85  6:10  Marauder x2  
  89  6:12  Medivac x2  
  89  6:13  Widow Mine x2  
  89  6:14  Supply Depot  
  97  6:28  Marine x2  
  97  6:31  Marauder  
  100  6:35  Widow Mine x2  
  103  6:40  Missile Turret  
  103  6:46  Liberator  
  106  6:48  Command Center  
  106  6:49  Liberator, Supply Depot, Missile Turret  
  106  6:50  Marine x2  
  111  6:55  Marauder  
  111  6:56  Marauder  
  115  7:02  Widow Mine x2  
  119  7:09  Marine x2  
  119  7:14  Supply Depot  
  121  7:20  Marauder x2  
  125  7:25  Barracks  
  125  7:27  Barracks  
  123  7:33  Marine  
  123  7:36  Marine  
  125  7:42  Marauder x2  
  129  7:46  SCV x2  
  129  7:48  Viking  
  133  7:51  Marine  
  122  8:01  Marine  
  122  8:03  Marauder x2  
  122  8:07  Orbital Command  
  122  8:08  SCV x2  
  122  8:09  Marine  
  125  8:19  Missile Turret  
  125  8:20  Barracks Reactor, Barracks Tech Lab  
  125  8:22  SCV x2  
  125  8:24  Viking x2, Marauder  
  133  8:31  Bunker  
  133  8:32  Starport  
  133  8:33  SCV  
  135  8:34  SCV  
  135  8:35  Marine  
  135  8:36  Marauder  
  135  8:40  SCV  
  139  8:42  Factory Reactor  
  139  8:44  Supply Depot  
  137  8:54  Viking x2  
  134  8:58  Ghost Academy  
  134  8:59  SCV x3  
  134  9:00  Refinery  
  134  9:01  Refinery, Marine x2  
  139  9:11  Marine x2  
  144  9:18  Viking x2  
  144  9:24  Viking x2, Marine x2  
  151  9:40  Ghost x2  
  151  9:41  Marine x2, Ghost  
  151  9:42  Marine  
  151  9:45  Supply Depot  
  160  9:46  Supply Depot  
  160  9:48  Marine  
  160  9:52  Command Center  
  155  9:53  Supply Depot  
  155  9:54  Supply Depot  
  155  10:02  Marine x3  
  155  10:06  Marine  
  159  10:10  Marauder x3  
  163  10:23  Marine  
  163  10:28  Liberator x4  
  168  10:29  Marine  
  168  10:30  Marine  
  168  10:31  Marauder  
  175  10:35  SCV  
  175  10:36  SCV  
  175  10:37  SCV  
  178  10:46  Marauder x2  
  178  10:50  Marine  
  178  10:52  Widow Mine x2, Marauder  
  180  10:58  Marine  
  180  11:02  Marine  
  180  11:03  Marine  
  177  11:07  Marauder, Marine  
  177  11:09  Marine  
  168  11:13  Widow Mine  
  168  11:14  Widow Mine, Marauder  
  164  11:19  SCV  
  164  11:23  Marine  
  164  11:24  Marine  
  164  11:25  Marauder  
  166  11:28  Marauder  
  166  11:29  Marine  
  170  11:32  SCV  
  170  11:33  SCV x2  
  170  11:39  Armory  
  172  11:40  Engineering Bay  
  172  11:42  Marauder, Marine  
  172  11:43  Marine x2  
  172  11:44  Missile Turret  
  172  11:46  Marauder  
  179  11:48  Medivac x2  
  179  11:51  Planetary Fortress  
  183  11:59  Fusion Core  
  179  12:09  SCV x3  
  177  12:21  SCV  
  176  12:24  Liberator x2  
  176  12:26  Liberator  
  176  12:28  Liberator  
  188  12:31  Marauder x3, Marine  
  188  12:32  Marine  
  188  12:34  SCV  
  188  12:35  SCV x2  
  197  12:41  Marine  
  197  12:43  Marine  
  193  12:52  SCV x3, Marauder x2  
  192  12:59  Marine x2  
  192  13:00  Marauder  
  194  13:12  Terran Infantry Weapons Level 1  
  188  13:13  Terran Ship Weapons Level 1  
  188  13:14  Marauder  
  188  13:19  Marauder, Marine  
  185  13:25  Marauder, Marine x2  
  152  13:35  Marauder  
  152  13:36  Medivac x3  
  152  13:37  Medivac  
  161  13:41  Widow Mine x2  
  161  13:45  Marine x2  
  161  13:46  Marine x2  
  161  13:47  Ghost x2  
  171  13:56  Ghost  
  169  14:03  Marine x2  
  169  14:04  Marine x2  
  173  14:11  Liberator x3, Missile Turret  
  173  14:16  Marauder x2  
  186  14:21  Marine x2  
  188  14:25  Marauder  
  188  14:26  Marine  
  191  14:38  Marauder x2, Marine  
  191  14:40  Marine  
  191  14:42  Widow Mine x2  
  191  14:45  Command Center  
  197  14:46  Marauder  
  199  14:53  Marine  
  199  14:59  Marauder  
  200  15:02  Marine  
  200  15:03  Marauder, Marine  
  200  15:09  Marauder  
  200  15:14  Barracks  
  200  15:16  Barracks  
  200  15:17  Barracks  
Show
View Real Time Build Order
Export as new Build Order

DnS Protoss 

Build Orders: 1 Gate Expand, Oracle Opening 

Get SALT Encoding   

  12  0:00  Probe  
  13  0:12  Probe  
  14  0:17  Pylon  
  14  0:24  Probe (Chrono Boost)  
  15  0:36  Probe (Chrono Boost)  
  15  0:37  Gateway  
  16  0:44  Probe (Chrono Boost)  
  16  0:48  Assimilator  
  17  0:51  Probe  
  18  1:03  Probe  
  19  1:15  Probe  
  20  1:23  Nexus  
  20  1:34  Cybernetics Core  
  20  1:37  Probe  
  21  1:43  Assimilator  
  21  1:51  Probe  
  22  1:55  Pylon  
  22  2:06  Probe  
  23  2:12  Adept (Chrono Boost)  
  25  2:18  Probe  
  25  2:19  Stargate  
  26  2:29  Warp Gate  
  26  2:30  Probe  
  26  2:32  Adept (Chrono Boost)  
  26  2:35  Probe  
  30  2:42  Probe  
  31  2:47  Probe  
  31  2:49  Shield Battery  
  32  2:54  Probe  
  32  2:59  Adept, Probe  
  32  3:04  Oracle (Chrono Boost)  
  35  3:09  Probe  
  39  3:14  Probe  
  40  3:22  Probe, Pylon  
  40  3:27  Probe  
  42  3:32  Gateway  
  42  3:34  Probe  
  43  3:36  Oracle (Chrono Boost)  
  43  3:40  Probe (Chrono Boost)  
  47  3:47  Pylon  
  48  3:51  Probe (Chrono Boost)  
  48  3:53  Probe (Chrono Boost)  
  49  3:59  Probe (Chrono Boost)  
  49  4:00  Probe (Chrono Boost)  
  51  4:08  Probe  
  51  4:11  Probe  
  52  4:20  Probe  
  52  4:22  Robotics Facility  
  52  4:23  Phoenix, Probe  
  55  4:32  Probe  
  56  4:39  Nexus  
  56  4:42  Probe  
  56  4:44  Adept, Sentry  
  58  4:46  Assimilator  
  58  4:47  Assimilator  
  58  4:48  Pylon  
  58  4:50  Probe  
  59  4:53  Pylon  
  59  4:54  Phoenix (Chrono Boost)  
  59  4:56  Probe  
  62  5:06  Probe  
  63  5:08  Probe  
  64  5:16  Phoenix (Chrono Boost)  
  66  5:21  Immortal (Chrono Boost)  
  66  5:22  Probe  
  66  5:23  Shield Battery  
  66  5:27  Probe  
  72  5:33  Robotics Bay  
  72  5:34  Pylon  
  72  5:37  Zealot x2, Probe  
  72  5:39  Probe  
  72  5:42  Shield Battery  
  78  5:49  Phoenix (Chrono Boost)  
  78  5:51  Probe x3  
  83  5:57  Pylon  
  83  6:03  Probe x2  
  83  6:04  Forge, Probe  
  83  6:07  Gateway  
  83  6:08  Phoenix  
  86  6:15  Probe x2  
  88  6:18  Colossus (Chrono Boost)  
  88  6:21  Probe  
  95  6:27  Probe x2  
  95  6:30  Stalker x2  
  95  6:32  Shield Battery  
  99  6:38  Gateway  
  97  6:42  Probe  
  97  6:43  Photon Cannon  
  97  6:45  Phoenix  
  100  6:50  Shield Battery  
  100  6:54  Twilight Council  
  100  7:02  Colossus (Chrono Boost), Probe  
  100  7:03  Probe  
  100  7:04  Pylon  
  108  7:12  Gateway  
  108  7:18  Pylon x2  
  108  7:19  Pylon  
  108  7:27  Protoss Ground Weapons Level 1  
  110  7:31  Stalker x2  
  110  7:34  Charge  
  111  7:54  Zealot x2  
  111  7:58  Probe x2  
  111  8:07  Assimilator  
  111  8:09  Pylon  
  111  8:11  Gateway  
  111  8:12  Gateway  
  111  8:16  Zealot x2, Gateway x2  
  111  8:17  Gateway  
  115  8:20  Gateway  
  115  8:21  Gateway  
  115  8:23  Pylon  
  115  8:25  Pylon  
  115  8:27  Stalker, Pylon  
  115  8:28  Immortal (Chrono Boost)  
  115  8:32  Robotics Bay, Probe x2  
  115  8:33  Pylon  
  123  8:34  Assimilator  
  123  8:35  Assimilator  
  123  8:37  Shield Battery, Pylon  
  123  8:38  Photon Cannon  
  123  8:50  Stalker x2  
  117  8:58  Immortal (Chrono Boost)  
  118  9:07  Stalker x2  
  118  9:08  Gateway  
  118  9:09  Pylon  
  122  9:11  Cybernetics Core  
  122  9:14  Zealot x6  
  134  9:18  Templar Archives, Gateway  
  134  9:26  Extended Thermal Lance (Chrono Boost)  
  134  9:27  Observer (Chrono Boost)  
  134  9:30  Blink  
  134  9:31  Protoss Ground Weapons Level 2 (Chrono Boost)  
  132  9:33  Zealot x3  
  136  9:52  Warp Prism (Chrono Boost)  
  135  9:58  Probe  
  138  10:01  Zealot x6  
  150  10:18  Nexus  
  131  10:29  Zealot  
  131  10:30  Zealot x6  
  131  10:33  Zealot x3  
  131  10:34  Zealot  
  151  10:40  Disruptor (Chrono Boost)  
  148  10:48  Robotics Facility  
  137  10:50  High Templar x4  
  137  10:51  High Templar x2  
  137  10:54  Archon x3  
  134  11:02  Zealot x5  
  107  11:16  Disruptor (Chrono Boost)  
  103  11:28  Nexus  
  103  11:30  Zealot, Pylon  
  103  11:32  Disruptor (Chrono Boost)  
  105  11:33  Sentry, High Templar x2  
  105  11:37  Archon  
  114  11:40  Zealot  
  114  11:43  Probe x3, Protoss Ground Armor Level 1 (Chrono Boost)  
  119  11:49  Disruptor (Chrono Boost)  
  119  11:53  Shield Battery  
  122  11:58  Zealot x3  
  122  11:59  Zealot  
  128  12:10  Stalker x3, High Templar x2  
  129  12:20  Archon  
  124  12:25  Stalker x5  
  134  12:34  Stalker x2  
  134  12:35  Stalker  
  122  12:52  Stalker x5  
  132  12:59  Stalker x2  
  136  13:12  Nexus  
  128  13:15  Disruptor (Chrono Boost)  
  127  13:20  Sentry  
  119  13:27  Zealot x4  
  119  13:40  High Templar x2  
  126  13:46  Archon  
  126  13:50  Zealot x2  
  126  13:51  Zealot x2  
  134  13:56  Pylon  
  130  14:07  Zealot x2, High Templar x2  
  130  14:08  Zealot  
  135  14:13  Archon  
  135  14:15  Stalker  
  135  14:16  Stalker  
  139  14:26  Shield Battery  
  139  14:30  Stalker x2  
  139  14:37  Observer  
  140  14:41  Stalker x2, High Templar x2  
  148  14:47  Archon  
  148  14:52  Stalker x2  
  133  15:08  Stalker x4  
Tags
 
Add a new tag
Caveats
  • Supply blocks, unpowered buildings, or Contaminate may cause inaccurate times.
  • Supply counts are checked every 10 seconds.